 Dungeon Crawl Stone Soup version 0.14-a0-2592-g262d02f (webtiles) character file.

377 Kae the Chiller (level 6, -4/36 HPs)
             Began as an Octopode Ice Elementalist on Feb 12, 2014.
             Slain by Grinder (5 damage)
             ... while paralysed by Grinder
             ... on Level 3 of the Dungeon.
             The game lasted 00:07:39 (4853 turns).

Kae the Chiller (Octopode Ice Elementalist)         Turns: 4853, Time: 00:07:40

HP  -4/36        AC  1     Str  7      XL: 6   Next: 29%
MP  13/13        EV  2     Int 19      God:
Gold 93          SH  0     Dex 13      Spells:  3 memorised,  5 levels left

rFire  . . .     SeeInvis .     (no weapon)
rCold  . . .     Clarity  .     (no shield)
rNeg   . . .     Conserve .     (helmet restricted)
rPois  .         rCorr    .     (no amulet)
rElec  .         rRot     .     e - ring of teleport control
SustAb . .       Spirit   .     (no ring)
rMut   .         Warding  .     (no ring)
Saprov . . .     Stasis   .     (no ring)
MR     .....                    (no ring)
                                (no ring)
                                (no ring)
                                (no ring)

@: paralysed, not resistant to hostile enchantments, quite stealthy
A: almost no armour, amphibious, 8 rings, constrict 8, camouflage 1, gelatinous
body 1
a: Evoke Teleport Control


You were on level 3 of the Dungeon.
You were not hungry.

You visited 1 branch of the dungeon, and saw 4 of its levels.

You collected 93 gold pieces.

Inventory:

Comestibles
 c - 4 bread rations
 v - a banana
 x - 2 chunks of worm flesh
Scrolls
 a - a scroll of enchant armour {unknown}
 d - 2 scrolls of fear {unknown}
 g - a scroll of curse jewellery {unknown}
 h - 6 scrolls of identify {unknown}
 k - 2 scrolls of teleportation {unknown}
 l - 2 scrolls of immolation {unknown}
 p - 2 scrolls of curse weapon {unknown}
 q - a scroll of enchant weapon II {unknown}
 s - a scroll of curse armour {unknown}
 u - a scroll of enchant weapon I {unknown}
Jewellery
 e - a ring of teleport control (left tentacle)
Potions
 f - 3 potions of heal wounds
 i - a potion of agility {unknown}
 j - a potion of confusion {unknown}
 m - 2 potions of restore abilities {unknown}
 n - 2 potions of might {unknown}
 o - a potion of poison {unknown}
 r - 4 potions of curing {unknown}
 t - a potion of blood
Books
 b - a book of Frost

   Spells                             Type                      Level
   *Freeze                            Ice                          1
   *Throw Frost                       Conjuration/Ice              2
   Ozocubu's Armour                   Charms/Ice                   3
   *Throw Icicle                      Conjuration/Ice              4
   Summon Ice Beast                   Ice/Summoning                4
   Condensation Shield                Ice                          4


   Skills:
 - Level 2.0 Dodging
 - Level 2.6 Stealth
 + Level 3.6 Spellcasting
 - Level 1.0 Conjurations
 * Level 5.9 Ice Magic


You had 5 spell levels left.
You knew the following spells:

 Your Spells              Type           Power        Failure   Level  Hunger
a - Freeze                Ice            ####         1%          1    None
b - Throw Frost           Conj/Ice       ###...       8%          2    ##.....
c - Throw Icicle          Conj/Ice       ###.....     38%         4    ####...


Dungeon Overview and Level Annotations

Branches:
Dungeon (4/16)
 Temple: D:4-7

Altars:

Annotations:
D:3 Grinder
D:4 Kae's ghost, average DrWz


Innate Abilities, Weirdness & Mutations

You cannot wear most types of armour.
You are amphibious.
You can wear up to eight rings at the same time.
You can use your tentacles to constrict many enemies at once.
Your skin changes colour to match your surroundings (Stlth).
Your rubbery body absorbs attacks (AC +1).


Message History

Grinder gestures at you.
You barely resist.
You climb upwards.
There is a stone staircase leading down here.
You barely miss Grinder. Your grab misses Grinder. Grinder hits you.
You writhe in agony.
You hit Grinder but do no damage. You grab Grinder.
You constrict Grinder, but do no damage.
Grinder gestures at you.
You suddenly lose the ability to move!
You lose your grip on Grinder.
Grinder hits you.
You writhe in agony.
Grinder barely misses you. Grinder hits you!
You writhe in agony.
Grinder hits you.
* * * LOW HITPOINT WARNING * * *
You writhe in agony.
Grinder hits you!
* * * LOW HITPOINT WARNING * * *
You writhe in agony.
You die...

#### ...#############
...'...........###
...###...........#
...###......###5%#####
...##..##...###.@....#
...##............###.#
#####..#....#....###.#
.....................#
#####.........#.)[...#
#............###.# #
##......##.......#
######.#.........###.#
#......##............###


You could see Grinder.

Vanquished Creatures
  2 hounds
  An orc wizard (D:3)
  9 adders
  A giant mite (D:3)
  3 worms
  An adder skeleton (D:4)
  4 giant geckos
  8 orcs
  4 ball pythons
  7 goblins
  8 hobgoblins
  6 jackals (D:1)
  8 kobolds
  6 bats
  4 giant cockroaches
  A giant newt (D:1)
  3 quokkas
  7 rats
83 creatures vanquished.

Notes
Turn   | Place    | Note
--------------------------------------------------------------
     0 | D:1      | Kae, the Octopode Ice Elementalist, began the quest for the Orb.
     0 | D:1      | Reached XP level 1. HP: 11/11 MP: 3/3
   328 | D:1      | Reached XP level 2. HP: 12/17 MP: 0/4
  1482 | D:1      | Reached XP level 3. HP: 3/21 MP: 3/6
  2128 | D:2      | Reached skill level 4 in Ice Magic
  2401 | D:2      | Reached XP level 4. HP: 15/27 MP: 2/8
  3093 | D:3      | Learned a level 2 spell: Throw Frost
  3098 | D:3      | Learned a level 4 spell: Throw Icicle
  3138 | D:3      | Reached XP level 5. HP: 31/31 MP: 3/11
  3230 | D:3      | Reached skill level 5 in Ice Magic
  4421 | D:4      | Noticed Kae's ghost (average DrWz)
  4573 | D:4      | Reached XP level 6. HP: 31/36 MP: 0/13
  4812 | D:4      | Noticed Grinder
  4819 | D:4      | Paralysed by Grinder for 5 turns
  4848 | D:3      | Paralysed by Grinder for 6 turns
  4853 | D:3      | HP: 1/36 [Grinder (7)]
  4853 | D:3      | Slain by Grinder

Action                   |  1- 3 |  4- 6 || total
-------------------------+-------+-------++-------
Melee: Unarmed           |    48 |    82 ||   130
 Cast: Freeze            |    37 |    49 ||    86
       Throw Frost       |       |    23 ||    23
  Use: Potion            |       |     1 ||     1
 Stab: Sleeping          |     2 |     1 ||     3
